AoeStats
← Infadel

Arabia

509726169Analyzed
1v1 RM · 5d ago on Sep 27, 2026· 47m 6s· 2 players
Game mode
Random Map
Map size
Tiny (2 player)
Population
200
Speed
Normal
Resources
Standard
Victory
Conquest
Starting age
Dark Age
Ending age
Imperial Age
RankedLock teamsTeams togetherTeam positionsShared explorationLock speedFull tech treeHidden civsTurbo modeCheats
Victory
Defeat
🇮🇳 Mongols · India
1054
+19
🇺🇸 Varangians · United States
1118
-19
Infadel
6:01 Loom
8:54 Feudal Age
10:42 Double-Bit Axe
18:41 Horse Collar
20:52 Forging
24:04 Castle Age
22:47 Scale Barding Armor
23:00 Bloodlines
23:18 Scale Mail Armor
23:35 Gold Mining
24:03 Man-at-Arms
26:19 Bow Saw
26:59 Stone Mining
27:48 Fletching
27:45 Long Swordsman
29:24 Padded Archer Armor
31:07 Iron Casting
32:32 Bodkin Arrow
32:58 Chain Barding Armor
33:21 Thumb Ring
34:43 Leather Archer Armor
35:58 Wheelbarrow
35:09 Town Watch
40:32 Imperial Age
38:40 Gold Shaft Mining
37:56 Stone Mining
40:52 Imperial Age
41:20 Hand Cart
41:56 Conscription
42:28 Heavy Camel Rider
44:25 Light Cavalry
NUBSINC
6:15 Loom
6:18 Loom
9:17 Feudal Age
9:58 Man-at-Arms
16:12 Double-Bit Axe
19:10 Horse Collar
22:00 Castle Age
20:56 Bloodlines
23:06 Wheelbarrow
23:25 Husbandry
24:20 Town Watch
27:43 Bow Saw
33:22 Hand Cart
37:14 Imperial Age
36:07 Fletching
37:08 Scale Barding Armor
37:13 Forging
37:49 Gold Mining
38:50 Vendel Legacy
41:30 Chain Barding Armor
41:57 Iron Casting
41:17 Cavalier
42:33 Conscription
46:05 Plate Barding Armor
Connection lost

Rejoining the realm…

Still unreachable

The connection could not be restored.

Session expired

The server has moved on; the page needs a fresh start.